AoeStats
← True Anomaly

Arabia

506017228Analyzed
2v2 RM · 19d ago on Sep 12, 2026· 31m 58s· 4 players
Game mode
Random Map
Map size
Medium (4 player)
Population
200
Speed
Normal
Resources
Standard
Victory
Conquest
Starting age
Dark Age
Ending age
Imperial Age
RankedLock teamsTeams togetherTeam positionsShared explorationLock speedFull tech treeHidden civsTurbo modeCheats
Victory
Defeat
🇦🇷 Burmese · Argentina
1240
+13
🇦🇷 Huns · Argentina
1208
+13
🇺🇸 Vikings · United States
1165
-13
🇺🇸 Magyars · United States
1165
-13
True Anomaly
6:04 Loom
9:25 Feudal Age
9:29 Man-at-Arms
10:36 Double-Bit Axe
28:51 Castle Age
Hackjack37
6:48 Loom
9:59 Feudal Age
12:03 Wheelbarrow
12:27 Double-Bit Axe
22:09 Castle Age
20:56 Bloodlines
23:56 Husbandry
26:21 Scale Barding Armor
Alfalfa
6:16 Loom
8:57 Feudal Age
9:00 Man-at-Arms
15:32 Fletching
20:45 Horse Collar
25:24 Castle Age
23:43 Gold Mining
24:56 Scale Barding Armor
29:19 Bloodlines
PeloDeElite
6:04 Loom
8:54 Feudal Age
9:33 Double-Bit Axe
14:26 Scale Barding Armor
17:17 Forging
21:56 Castle Age
20:32 Bloodlines
22:34 Wheelbarrow
21:52 Gold Mining
22:47 Husbandry
23:33 Fletching
23:44 Padded Archer Armor
24:55 Chain Barding Armor
26:23 Iron Casting
26:18 Bodkin Arrow
26:38 Leather Archer Armor
31:33 Thumb Ring
Connection lost

Rejoining the realm…

Still unreachable

The connection could not be restored.

Session expired

The server has moved on; the page needs a fresh start.